 Dungeon Crawl Stone Soup version 0.25-a0-190-g27fffb8c76 (console) character file.

Game seed: 16040110291836930134, levelgen mode: deterministic

72 Kagalorn the Caller (level 4, 0/34 HPs)
             Began as a Draconian Summoner on Nov 30, 2019.
             Killed by divine providence
             ... invoked by an orc priest
              (16 damage)
             ... on level 3 of the Dungeon.
             The game lasted 00:06:48 (2349 turns).

Kagalorn the Caller (Draconian Summoner)            Turns: 2349, Time: 00:06:49

Health: 0/34       AC:  6    Str: 11    XL:     4   Next: 7%
Magic:  7/7        EV: 12    Int: 16    God:
Gold:   114        SH:  0    Dex: 11    Spells: 3/7 levels left

rFire    . . .     SeeInvis .   a - +0 long sword
rCold    . . .     Gourm    .   (no shield)
rNeg     . . .     Faith    .   (armour unavailable)
rPois    .         Spirit   .   (helmet restricted)
rElec    .         Reflect  .   (no cloak)
rCorr    .         Harm     .   (no gloves)
MR       .....                  k - +0 pair of boots
Stlth    ++........             (no amulet)
HPRegen  0.11/turn              (no ring)
MPRegen  0.10/turn              (no ring)

@: no status effects
A: unfitting armour, cold-blooded, AC +5
a: no special abilities


You were on level 3 of the Dungeon.
You were not hungry.

You visited 1 branch of the dungeon, and saw 3 of its levels.

You collected 114 gold pieces.

Inventory:

Hand Weapons
 a - a +0 long sword (weapon)
 s - a +1 falchion of protection
Missiles
 f - 186 stones
 l - 14 poisoned darts (quivered)
 t - 40 bolts
Armour
 g - a +0 buckler
 k - a +0 pair of boots (worn)
Jewellery
 h - a cursed -3 ring of strength {unknown}
 n - an uncursed ring of stealth {unknown}
Scrolls
 c - a scroll of magic mapping {unknown}
 e - a scroll of remove curse {unknown}
 o - 3 scrolls of amnesia {unknown}
 p - 2 scrolls of immolation {unknown}
 q - a scroll of fog {unknown}
 r - 2 scrolls of identify {unknown}
Potions
 d - 2 potions of degeneration {unknown}
 i - 2 potions of lignification {unknown}
 j - a potion of brilliance {unknown}
 m - a potion of heal wounds {unknown}
 u - a potion of might {unknown}
Comestibles
 b - 4 rations


   Skills:
 * Level 0.5 Fighting
 - Level 1.7 Dodging
 - Level 1.7 Stealth
 * Level 0.1 Shields
 * Level 2.3 Spellcasting
 * Level 5.3 Summonings


You had 3 spell levels left.
You knew the following spells:

 Your Spells              Type           Power        Failure   Level  Hunger
a - Call Canine Familiar  Summ           ###.....     7%          3    ###....
b - Summon Small Mammal   Summ           ###.         2%          1    #......

Your spell library contained the following spells:

 Spells                   Type           Power        Failure   Level  Hunger
 Call Imp                 Summ           ###.....     3%          2    ###....
 Summon Guardian Golem    Hex/Summ       ##......     21%         3    ###....
 Summon Ice Beast         Ice/Summ       ##......     54%         4    #####..
 Summon Lightning Spire   Summ/Air       ##......     54%         4    #####..


Dungeon Overview and Level Annotations

Branches:
Dungeon (3/15)

Altars:
The Shining One


Innate Abilities, Weirdness & Mutations

Your plain brown scales are hard. (AC +5)
You cannot fit into any form of body armour.
You are cold-blooded and may be slowed by cold attacks.


Message History

Your hound barely misses the orc priest.
Your hound bites the orc priest.
The orc priest calls down the wrath of Beogh upon you.
Pain shoots through your body!
Your hound bites the orc priest.
You closely miss the orc priest.
The orc priest is heavily wounded.
Your hound closely misses the orc priest.
The orc priest closely misses you.
Your hound bites the orc priest.
You closely miss the orc priest.
Your tail-slap misses the orc priest.
The orc priest is severely wounded.
The orc priest hits you with a +0 mace.
Your hound bites the orc priest.
Your hound misses the orc priest.
The orc priest mumbles some strange prayers to Beogh against you.
Pain shoots through your body!
You hit the orc priest.
The orc priest is severely wounded.
Your hound closely misses the orc priest.
The orc priest calls down the wrath of Beogh upon you.
Beogh smites you!
You die...

+...>...# #.#
#.......# #.#
#.......#
#.####
#.......#
#.....
#.......###
######
#.........#
#####.....#
########.....#
.......@.....#
......o.†....#
......h......#
.............#
.............#
########.....#
#.....# ..
.....# ..


You could see an orc priest and a friendly hound.

Vanquished Creatures
  An ooze (D:3)
  A worm (D:3)
  2 dart slugs
  A leopard gecko (D:3)
  A ball python (D:3)
  2 giant cockroaches
  8 goblins
  2 hobgoblins
  6 jackals
  A quokka (D:3)
  7 bats
  4 frilled lizards
  2 kobolds
  6 rats
44 creatures vanquished.

Vanquished Creatures (collateral kills)
  An adder (D:3)
  A dart slug (D:1)
  A leopard gecko (D:3)
  An orc (D:3)
  A hobgoblin (D:1)
  3 jackals
  A kobold (D:3)
  A frilled lizard (D:1)
10 creatures vanquished.

Grand Total: 54 creatures vanquished

Notes
Turn   | Place    | Note
-------+----------+-------------------------------------------
     0 | D:1      | Kagalorn the Draconian Summoner began the quest for the
                  | Orb.
     0 | D:1      | Reached XP level 1. HP: 14/14 MP: 3/3
   155 | D:1      | Reached XP level 2. HP: 14/20 MP: 3/5
   957 | D:2      | Reached XP level 3. HP: 26/26 MP: 6/6
  1112 | D:2      | Reached skill level 5 in Summonings
  1178 | D:2      | Learned a level 3 spell: Call Canine Familiar
  1452 | D:2      | Found a glowing golden altar of the Shining One.
  2302 | D:3      | Reached XP level 4. HP: 34/34 MP: 7/7
  2349 | D:3      | Killed from afar by an orc priest

Levels and vault maps discovered:
D:1:      sevenhm_arrival_forest_fort_small_4, layout_loops_ring
D:2:      layout_loops_ring, tso_oasis_becter
D:3:      cheibrodos_pilgrimage, layout_basic, nicolae_overflow_hidden_temple

Skill      XL: |  1  2  3 |
---------------+----------+-----
Summonings     | 5 |  5.3
Fighting       | |  0.5
Dodging        | |  1.7
Stealth        | |  1.7
Shields        | |  0.1
Spellcasting   | |  2.3

Action                   |  1- 3 |  4- 6 || total
-------------------------+-------+-------++-------
Melee: Short sword       |   173 |       ||   173
       Tailslap          |    21 |       ||    21
       Unarmed           |     3 |       ||     3
       Long sword        |    18 |    10 ||    28
 Cast: Summon Small Mamm |     4 |       ||     4
       Call Canine Famil |     3 |       ||     3
 Stab: Sleeping          |     5 |     1 ||     6
  Eat: Chunk             |     2 |       ||     2
       Ration            |     1 |       ||     1
Armor: Skin              |    65 |     2 ||    67
Dodge: Dodged            |   144 |     6 ||   150
       Rpst.: Long sword |     4 |     1 ||     5

Table legend:
 A = Non-vault XP
 B = Vault XP
 C = Vault XP percentage of total XP
 D = Non-vault monster count
 E = Vault monster count
 F = Vault count percentage of total count
                 A         B        C        D         E       F
            +---------+---------+-------+---------+---------+-------
      Total |     102 |       2 |   1.9 |      53 |       1 |   1.9
            +---------+---------+-------+---------+---------+-------
        D:1 |      39 |       0 |   0.0 |      24 |       0 |   0.0
        D:2 |      23 |       0 |   0.0 |      15 |       0 |   0.0
        D:3 |      40 |       2 |   4.8 |      14 |       1 |   6.7
            +---------+---------+-------+---------+---------+-------
